Map: Lerilak Crest

Players

Victory

  • Race: Protoss Protoss
  • League: Diamond

LilDicky - Winner!

  • Race: Terran Terran
  • League: Diamond

VOD

http://www.twitch.tv/tumescentpie

Description

Time

  • Played on: Dec. 20, 2015, 9:53 a.m.
  • Length: 6:01
Show
View Real Time Build Order
Export as new Build Order

Victory Protoss 

Build Orders:  

Get SALT Encoding   

  12  0:01  Probe (Chrono Boost)  
  13  0:11  Probe (Chrono Boost)  
  14  0:19  Pylon  
  14  0:22  Probe (Chrono Boost)  
  15  0:37  Probe (Chrono Boost)  
  15  0:41  Gateway  
  16  0:48  Probe (Chrono Boost)  
  17  0:53  Assimilator  
  17  0:59  Probe (Chrono Boost)  
  18  1:10  Assimilator  
  18  1:13  Probe (Chrono Boost)  
  19  1:24  Probe (Chrono Boost)  
  20  1:35  Cybernetics Core, Probe (Chrono Boost)  
  21  1:45  Probe (Chrono Boost)  
  22  1:56  Probe (Chrono Boost)  
  23  2:04  Nexus  
  22  2:13  Pylon  
  22  2:18  Pylon  
  22  2:27  Warp Gate  
  22  2:31  Stalker (Chrono Boost)  
  22  2:32  Mothership Core (Chrono Boost)  
  22  2:34  Pylon  
  26  2:46  Twilight Council  
  26  2:51  Probe (Chrono Boost)  
  27  3:01  Adept (Chrono Boost)  
  29  3:07  Probe  
  30  3:14  Probe  
  30  3:19  Probe  
  32  3:22  Gateway  
  32  3:25  Probe  
  33  3:27  Resonating Glaives  
  35  3:34  Adept (Chrono Boost)  
  35  3:36  Probe  
  35  3:39  Probe  
  37  3:51  Robotics Facility  
  37  3:52  Probe  
  38  3:57  Assimilator  
  38  4:02  Adept (Chrono Boost)  
  40  4:05  Probe  
  40  4:06  Probe  
  42  4:16  Probe  
  42  4:21  Probe  
  44  4:27  Probe  
  39  4:37  Probe  
  39  4:40  Observer (Chrono Boost)  
  41  4:49  Probe  
  41  4:51  Pylon  
  41  4:52  Probe  
  38  5:00  Probe  
  38  5:04  Probe  
  40  5:10  Warp Prism (Chrono Boost)  
  42  5:17  Probe  
  43  5:22  Assimilator  
  43  5:25  Adept x2  
  47  5:31  Gateway  
  47  5:32  Gateway  
  47  5:36  Probe  
  48  5:43  Robotics Bay  
  48  5:48  Probe  
Show
View Real Time Build Order
Export as new Build Order

LilDicky Terran - Winner!

Build Orders: MMM Bio 

Get SALT Encoding   

  12  0:01  SCV  
  13  0:13  SCV  
  14  0:17  Supply Depot  
  14  0:25  SCV  
  15  0:32  Refinery  
  15  0:39  SCV  
  16  0:45  Barracks  
  16  0:51  SCV  
  17  1:03  SCV  
  18  1:15  SCV  
  19  1:28  SCV  
  20  1:36  Supply Depot, Marine  
  21  1:44  Orbital Command  
  21  1:56  Marine  
  22  2:12  Refinery  
  22  2:14  SCV  
  23  2:17  Barracks  
  23  2:22  Factory  
  23  2:27  Barracks Reactor  
  23  2:34  SCV  
  24  2:40  Barracks  
  24  2:46  SCV, Supply Depot  
  25  2:58  SCV  
  26  3:05  Barracks Tech Lab  
  25  3:10  SCV  
  26  3:13  Supply Depot  
  26  3:17  Marine x2  
  28  3:22  SCV  
  28  3:23  Marine  
  28  3:25  Stimpack  
  30  3:27  Barracks Tech Lab  
  30  3:31  Supply Depot  
  30  3:34  SCV  
  30  3:35  Marine  
  32  3:46  SCV  
  32  3:47  Widow Mine  
  35  3:51  Combat Shields  
  35  3:53  Marauder, Marine  
  35  3:55  Marine  
  39  3:58  SCV  
  40  4:08  Starport  
  40  4:09  Marauder  
  42  4:16  Widow Mine  
  46  4:17  Marauder  
  46  4:18  Marine  
  47  4:29  Marine  
  47  4:30  SCV  
  50  4:35  Marauder  
  50  4:37  Marine  
  52  4:43  Supply Depot  
  52  4:45  Medivac  
  54  5:13  Marauder x2, Marine x2  
  58  5:17  Medivac  
  58  5:24  SCV  
  59  5:30  Supply Depot, Marine  
  59  5:31  Marine  
  59  5:32  Hellion  
  63  5:40  Supply Depot  
Tags
 
Add a new tag
Caveats
  • Supply blocks, unpowered buildings, or Contaminate may cause inaccurate times.
  • Supply counts are checked every 10 seconds.